Cogmind - Beta 10.2 @@@ ROGUE MODE // 2021.04.30 @ 20:02:04 Player: Catalyst Result: Destroyed by as-16487 with Assembled Blade Performance ------------- Evolutions (0) 0 Regions Visited (0) 0 Robots Destroyed (8) 40 Value Destroyed (43) 43 Prototype IDs (0) 0 Alien Tech Used (0) 0 Bonus (0) 0 TOTAL SCORE: 83 Bonus ------- None Cogmind --------- Core Integrity 0/250 Matter 300/300 Energy 90/100 System Corruption 0% Temperature Cool (0) Movement Core (100) Ox1 Location -11/Scrapyard Parts ------- > --- POWER (1) -------- (None) > --- PROPULSION (2) --- (None) > --- UTILITY (2) ------ Small Storage Unit > --- WEAPON (2) ------- (None) > --- INVENTORY (6) ---- Medium Matter Pod (100) Peak State ------------ > --- POWER ------------ Ion Engine > --- PROPULSION ------- Light Treads Light Treads > --- UTILITY ---------- Small Storage Unit Improved Terrain Scanner > --- WEAPON ----------- Medium Laser Mining Laser > --- INVENTORY -------- Assault Rifle Light Assault Rifle [Rating: 8] Favorites ----------- Power Ion Engine Engine Ion Engine Propulsion Light Treads Treads Light Treads Utility Small Storage Unit Device Improved Terrain Scanner Storage Small Storage Unit Weapon Medium Laser Energy Gun Medium Laser Ballistic Gun Light Assault Rifle Special Weapon Mining Laser Build | -11 ------- Run | Scr Slots Evolved . | . Power . | . Propulsion . | . Utility . | . Weapon . | . Parts Attached 9 | 9 Power 1 | 1 Engine 1 | 1 Core . | . Reactor . | . Propulsion 2 | 2 Treads 2 | 2 Leg . | . Wheel . | . Hover . | . Flight . | . Utility 2 | 2 Device 1 | 1 Storage 1 | 1 Processor . | . Hackware . | . Protection . | . Artifact . | . Weapon 4 | 4 Energy Gun 1 | 1 Energy Cannon . | . Ballistic Gun 2 | 2 Ballistic Cannon . | . Launcher . | . Special Weapon 1 | 1 Impact Weapon . | . Slashing Weapon . | . Piercing Weapon . | . Special Melee Weapon . | . Unidentified Prototypes . | . Parts Lost 7 | 7 Power 1 | 1 Propulsion 2 | 2 Utility 1 | 1 Weapon 3 | 3 Highest Loss Streak 7 | 7 Average Slot Usage (%) . | . Naked Turns . | . Heaviest Build 13 | 13 Greatest Support 40 | 40 Greatest Overweight (x) 3 | 3 Average Overweight (x) . | . Largest Inventory Capacity 6 | 6 Average Capacity 5 | 5 Most Carried 3 | 3 Average Carried 2 | 2 Final Capacity 6 | 6 Final Carried 1 | 1 Class Distribution -------------------- None Dominant Class ---------------- None Resources | -11 ----------- Run | Scr Matter Collected 272 | 272 Remotely . | . Salvage Created 194 | 194 Parts 12 | 12 Haulers Intercepted . | . Recyclers Shooed 1 | 1 Parts Field Recycled . | . Retrieved Matter . | . Parts Self-Destructed . | . Prevented . | . Kills | -11 ------- Run | Scr Combat Hostiles Destroyed . | . Classes Destroyed 3 | 3 Worker 2 | 2 Tunneler 5 | 5 Recycler 1 | 1 Best Kill Streak 2 | 2 Combat Bots Only . | . Max Kills in Single Turn 1 | 1 Gunslinging . | . Exploded . | . Melee . | . Uniques/NPCs Destroyed . | . Combat | -11 -------- Run | Scr Damage Taken 963 | 963 Core 265 | 265 Absorbed by Shields . | . Core Remaining (%) . | . Volleys Fired 22 | 22 Largest 2 | 2 Hottest 150 | 150 Shots Fired 25 | 25 Gun 22 | 22 Cannon . | . Launcher . | . Special 3 | 3 Kinetic . | . Thermal 25 | 25 Explosive . | . Electromagnetic . | . Robot Hit Streak 8 | 8 Robot Miss Streak 2 | 2 Penetration Max . | . Secondary Targets . | . Shots Hit Robots 16 | 16 Core Hits 8 | 8 Critical Hits . | . Critical Kills . | . Critical Parts Destroyed . | . Melee Attacks . | . Impact . | . Slashing . | . Piercing . | . Sneak Attacks . | . Combat Hostiles . | . Follow-up Attacks . | . Damage Inflicted 229 | 229 Guns 199 | 199 Cannons . | . Explosions . | . Melee . | . Ramming 6 | 6 Kinetic . | . Thermal 223 | 223 Explosive . | . Electromagnetic . | . Impact . | . Slashing . | . Piercing . | . Highest Corruption . | . Average Corruption . | . Corruption Purged . | . Overload Shots . | . Overflow Damage . | . Projectiles . | . Explosions . | . Melee . | . Knockbacks . | . Impact . | . Kinetic . | . Secondary . | . Self-Inflicted Damage 1 | 1 Shots . | . Rammed 4 | 4 Targets Rammed 5 | 5 Kicked . | . Crushed 1 | 1 Highest Temperature 70 | 70 Average Temperature 22 | 22 Received Heat Transfer . | . Siege Activations . | . Robots Corrupted . | . Combat Hostiles . | . Parts Fried . | . Impact Corruptions . | . Robots Melted . | . Combat Hostiles . | . Parts Melted 1 | 1 Heat Transferred 642 | 642 Parts Sabotaged . | . Parts Stolen . | . Parts Stripped . | . Power Chain Reactions . | . Missiles Intercepted . | . Alert | -11 ------- Run | Scr Peak Influence 20 | 20 Initial . | . Average 5 | 5 Maximum Alert Level . | . Low Security (%) 100 | 100 Level 1 . | . Level 2 . | . Level 3 . | . Level 4 . | . Level 5 . | . High Security . | . Max Security . | . Squads Dispatched . | . Investigation . | . Extermination . | . Reinforcement . | . Assault . | . Garrison . | . Intercept . | . Construction Impeded . | . Haulers Reinforced . | . Stealth | -11 --------- Run | Scr Distress Signals . | . Communications Jammed . | . Distress Signals . | . Times Spotted 11 | 11 Peak Tracking Total 19 | 19 Tactical Retreats . | . Traps | -11 ------- Run | Scr Traps Triggered . | . Indirectly . | . Trap Hack Attempts . | . Triggered . | . Disarmed . | . Reprogrammed . | . Reused . | . Traps Extracted . | . Installed . | . Triggered . | . Machines | -11 ---------- Run | Scr Machines Disabled . | . Max in Single Turn . | . Machines Sabotaged . | . Garrisons Compromised . | . Overloaded Fab Kills . | . Fab Network Shutdowns . | . Hacking | -11 --------- Run | Scr Machines Accessed . | . Terminals . | . Fabricators . | . Repair Stations . | . Recycling Units . | . Scanalyzers . | . Garrison Access . | . Total Hacks . | . Successful . | . Failed . | . Catastrophic . | . Database Lockouts . | . Manual . | . Terminals . | . Fabricators . | . Repair Stations . | . Recycling Units . | . Scanalyzers . | . Garrison Access . | . Terminal Hacks . | . Fabricator Hacks . | . Repair Station Hacks . | . Recycling Unit Hacks . | . Scanalyzer . | . Garrison Access Hacks . | . Unauthorized Hacks . | . Terminals . | . Fabricators . | . Repair Stations . | . Recycling Units . | . Scanalyzers . | . Garrison Access . | . Data Cores Recovered . | . Used . | . Hacking Detections . | . Full Trace Events . | . Feedback Events . | . Feedback Blocked . | . Robot Schematics Acquired . | . Robots Built . | . Matter . | . Time . | . Total Robot Build Rating . | . Part Schematics Acquired . | . Parts Built . | . Matter . | . Time . | . Total Part Build Rating . | . Parts Repaired . | . Time . | . Parts Recycled . | . Recycled Matter . | . Retrieved Matter . | . Retrieved Components . | . Parts Scanalyzed . | . Part Schematics Acquired . | . Parts Damaged . | . Bothacking | -11 ------------ Run | Scr Used RIF Installer . | . Robots Hacked . | . Non-combat . | . Combat . | . Robot Hacks Applied . | . Relay Couplers Released . | . Robots Rewired . | . Allies Hacked . | . Hacks Repelled . | . Allies | -11 -------- Run | Scr Total Allies . | . Largest Group . | . Highest-Rated Group . | . Highest-Rated Ally . | . Total Orders . | . Ally Attacks . | . Total Damage . | . Kills . | . Allies Corrupted . | . Allies Melted . | . Intel | -11 ------- Run | Scr Robot Analysis Total . | . Derelict Logs Recovered . | . Drone Launches . | . Drone Recoveries . | . Exploration | -11 ------------- Run | Scr Turns Passed 2026 | 2026 Spaces Moved 366 | 366 Core 9 | 9 Treads 357 | 357 Legs . | . Wheels . | . Hover . | . Flight . | . Fastest Speed 50 | 50 Average Speed 158 | 158 Slowest Speed 200 | 200 Overloaded Moves . | . Propulsion Burnouts . | . Robots Hopped . | . Cave-ins Triggered . | . Exploration Rate (%) 39 | 39 Regions Visited . Branch Regions . Pre-discovered Areas . | . Known Exits Taken . | . Unknown Exits Taken . | . Scrap Searched . | . Spaces Dug . | . Terrain Destroyed . | . Melee . | . Projectile . | . AOE . | . Terrain Rammed . | . Walls Destroyed . | . Machines Disabled . | . Actions | -11 --------- Run | Scr Total 1774 | 1774 Wait 1369 | 1369 Move 366 | 366 Hop . | . Pick Up 3 | 3 Fast Attach 7 | 7 Attach 2 | 2 Detach . | . Swap . | . Drop . | . Fire 22 | 22 Melee . | . Ram 2 | 2 Kick . | . Crush 3 | 3 Escape Stasis . | . Rewire . | . Trap . | . Miscellaneous . | . Route ------- -11/Scrapyard (discovered 1 exit: [*Mat]) History --------- Turn | Location | Event 11 | -11/Scrapyard | Discovered new exit (range 16) 2006 | -11/Scrapyard | Assembled infested the area 2024 | -11/Scrapyard | Core integrity fell below 50% 2026 | -11/Scrapyard | Core integrity fell below 20% 2027 | -11/Scrapyard | Destroyed by as-16487 with Assembled Blade Last Messages --------------- 01243_ Acquired Med. Matter Pod. 01250_ K-01 Serf destroyed. 01255_ T-07 Excavator destroyed. 01435_ T-07 Excavator is excavating. 02006_ ALERT: Infestation in the scrapyard, dispatching Demolisher response squad. [Achievement: Curiosity Killed The Cat] 02015_ Med. Laser destroyed. 02018_ Ion Engine destroyed. 02019_ Mining Laser destroyed. 02019_ Imp. Terrain Scanner destroyed. 02020_ Slammed into as-16487. 02022_ Acquired 2 matter. 02022_ Lgt. Treads destroyed. 02023_ Assault Rifle severed. 02023_ Slammed into as-47089. 02024_ Lgt. Treads destroyed. 02025_ Slammed into as-47089. 02026_ Lgt. Assault Rifle destroyed. 02026_ Slammed into as-47089. Map ----- +----------------------------------------------------+ | | | | | | | | | | | | | | | | | ??????????????????????????????????????????? | | ??????????????????????????????????????????? | | ????????????????????#?#??#????#???????????? | | ???????????#???#??????#?????????#?????????? | | ??????????????#?????#????????????#????????? | | ????????????#?#?????#??????????#??????????? | | ????????#???????????????#?#???##??????????? | | ???????#????????#??? ????????#???????????? | | ????????#????#????#?????? ????#???##??????? | | ?????????????#??##?? ??????#??????????????? | | ????#?????#??##??#?#?? ? ? ???#?##?????#??? | | ????????????#??????? " ?????????????????#?? | | ????????????####?#????? ???##????????#????? | | ????##?#??##?######### ?########????????##? | | ???#?#?#????### #### #????????##? | | ??#???#?#???#?# #!## #?#?#?#????? | | ?????##?#?##??# # a# aa #?#????????? | | ????#??#?####?# a@aa #???#????#?? | | ????#?##?##?#?# # #a[a #??#?????#?? | | ??##?#??#??#??#### # # aa####?##?#?????? | | ?#?#???##?#??##?###### ########??????##??? | | #?####?????########### # #??????????? | | ????#?#?###??## # # #?#????#???? | | #?##?##??#?##?# # # ##?????????? | | ?#?????##????## #??????????? | | ##????????###?# # # #????#?????? | | ?#?##?##????#?# # # ####?##??#?#??? | | ??#?#?#???????# # ######????????????? | | #?????##??###?######## #########???#?????? | | #???#############??#?# # #?????????? | | #??? ##?##?##### # #?????????? | | ## #?#?#?#?### #????##???? | | #? #?#?#?#???# # #?????????? | | # #???????#?# # #?????????? | | # #????#?#### #########?????#???? | | ###### ### ##?????#?????????? | | # ### #???#????????????? | | # ### #????????????????? | | %#?#########?# ## ### #????????????????? | | !# #########?##### #????????????????? | | !# #?#?????????#?# #?????#??#???????? | | %# ##????????????# #????????????????? | +----------------------------------------------------+ Best States ------------- Heat Dissipation 25 Energy Generation 10 Energy Capacity 250 Matter Stores 300 Matter Capacity 300 Sight Range 16 Terrain Scan Range 16 Terrain Scan Density 10 Evasion (%) 40 Recoil Reduction 2 Item Schematics ----------------- None Robot Schematics ------------------ None Fabricated ------------ Nothing Alien Tech Used ----------------- None Achievements -------------- Curiosity Killed The Cat Challenges ------------ None Game ------ Seed DisruptionVariableDriver Manual? 0 Play Time 00:07:14 Cumulative 31.5 hours Start 2021.04.30 @ 19:58:21 End 2021.04.30 @ 20:02:04 Sessions 0 Manual Loads 0 Difficulty Rogue Special Mode None Game No. 16 Rogue 1 Adventurer 15 Explorer 0 Win Type - Total 1 Types 1/0/0/0/0/0/0/0/0 Lore% 38 Gallery% 37 Achievement% 36 Wizard Run 0 Options --------- ASCII 0 Keyboard 0 Movement Vi Keybinds 0 Fullscreen 1 Font 14/Dina Map View 72x54 Tactical HUD 1 Map Filters NONE Filters NONE Steam 1 RUN: b04e61c1-f772-4921-a4ab-7df0a1f959af